 Dungeon Crawl Stone Soup version 0.29-a0-370-gb5314be063 (webtiles) character file.

Game seed: 2977300998430491342

52 Bruhh the Ducker (level 3, 0/35 HPs)
             Began as a Gnoll Monk on May 2, 2022.
             Was a Priest of Lugonu.
             Slain by an orc
             ... wielding a +0 falchion
              (4 damage)
             ... on level 3 of the Dungeon.
             The game lasted 00:03:40 (1554 turns).

Bruhh the Ducker (Gnoll Monk)                       Turns: 1554, Time: 00:03:40

Health: 0/35       AC:  2    Str: 10    XL:     3   Next: 85%
Magic:  4/4        EV: 15    Int: 11    God:    Lugonu [***...]
Gold:   84         SH:  0    Dex: 14    Spells: 4/4 levels left

rFire   . . .      SeeInvis .   a - +0 falchion
rCold   . . .      Faith    .   (no shield)
rNeg    . . .      Spirit   .   b - +0 robe
rPois   .          Reflect  .   (no helmet)
rElec   .          Harm     .   (no cloak)
rCorr   .          Rampage  .   (no gloves)
Will    .....                   (no boots)
Stlth   +.........              (no amulet)
HPRegen 0.11/turn               (no ring)
MPRegen 0.09/turn               (no ring)

@: confused
A: fangs 1, strong nose, distributed training
a: Renounce Religion, Depart the Abyss, Bend Space, Banish


You were on level 3 of the Dungeon.
You worshipped Lugonu.
Lugonu was most pleased with you.
You visited 1 branch of the dungeon, and saw 3 of its levels.

You collected 84 gold pieces.

Inventory:

Hand Weapons
 a - a +0 falchion (weapon)
Missiles
 n - 11 poisoned darts (quivered)
Armour
 b - a +0 robe (worn)
 o - a +0 kite shield
Jewellery
 i - a ring of wizardry
Scrolls
 d - 2 scrolls of holy word {unknown}
 e - 2 scrolls of immolation {unknown}
 h - a scroll of identify {unknown}
 m - a scroll of magic mapping {unknown}
Potions
 c - 2 potions of ambrosia
 f - a potion of mutation {unknown}
 g - a potion of might {unknown}
 j - 2 potions of degeneration {unknown}
 k - 2 potions of heal wounds {unknown}
 l - a potion of lignification {unknown}


   Skills:
 + Level 6.5 Fighting
 + Level 1.0 Short Blades
 + Level 6.5 Long Blades
 + Level 1.0 Axes
 + Level 1.0 Maces & Flails
 + Level 1.0 Polearms
 + Level 1.0 Staves
 + Level 1.0 Slings
 + Level 1.0 Bows
 + Level 1.0 Crossbows
 + Level 1.0 Throwing
 + Level 1.0 Armour
 + Level 6.5 Dodging
 + Level 4.2 Stealth
 + Level 1.0 Shields
 + Level 1.0 Unarmed Combat
 + Level 1.0 Spellcasting
 + Level 0.7 Conjurations
 + Level 0.7 Hexes
 + Level 0.7 Summonings
 + Level 0.7 Necromancy
 + Level 0.7 Translocations
 + Level 0.7 Transmutations
 + Level 0.7 Fire Magic
 + Level 0.7 Ice Magic
 + Level 0.7 Air Magic
 + Level 0.7 Earth Magic
 + Level 0.7 Poison Magic
 + Level 1.0 Invocations
 + Level 1.0 Evocations


You had 4 spell levels left.
You didn't know any spells.
Your spell library contained the following spells:

 Spells                   Type           Power      Damage    Failure   Level
 Gell's Gravitas          Tloc           2%         N/A       58%         3
 Lesser Beckoning         Tloc           2%         N/A       58%         3
 Teleport Other           Tloc           2%         N/A       58%         3


Dungeon Overview and Level Annotations

Branches:
Dungeon (3/15)

Altars:
Lugonu

Shops:
D:3 (


Innate Abilities, Weirdness & Mutations

You have very sharp teeth.
Your uncanny sense of smell can sniff out nearby items.
Your experience applies equally to all skills.


Message History

The orc barely misses you.
You barely miss the orc.
The orc is heavily wounded.
The orc wizard closely misses you. The orc closely misses you. x2
Okay, then.
You slash the orc! Your bite misses the orc.
The orc is almost dead.
You feel less confused.
The orc wizard casts a spell.
The orc wizard flickers and vanishes!
Deactivating autopickup; reactivate with Ctrl-A.
The orc hits you with a +0 falchion.
* * * LOW HITPOINT WARNING * * *
The orc misses you. Space bends violently around you!
You blink.
You are confused.
Found 15 gold pieces.
Found 7 gold pieces and a kite shield.
You feel less confused.
Found 12 gold pieces.
Found Amicer's Weapon Emporium.
You see here 7 gold pieces.
You now have 84 gold pieces (gained 7).
You see here a +0 kite shield.
o - a +0 kite shield You are too injured to fight recklessly!
You are too injured to fight recklessly!
You are too injured to fight recklessly!
You are too injured to fight recklessly!
You closely miss the orc.
The orc is heavily wounded.
The orc closely misses you.
You closely miss the orc.
The orc is heavily wounded.
The orc misses you.
You hit the orc.
The orc is severely wounded.
You hear some strange, mumbled words.
You are confused.
The orc hits you with a +0 falchion.
You die...

..........##..###... .$.
#########...$......##...
#####.###..# ..#....
#####.......o..##.......
..........o.....#.....∩.
..............#.#.....
.§............#o#..#∆ ∆
..............#.o..#
./..#.........##@##.#
....#.........##..#
....#.........###.#
................ .#
#################.. ...
... ...#


You could see 2 orcs.

Vanquished Creatures
  2 adders (D:2)
  An orc (D:3)
  4 ball pythons
  3 bats (D:2)
  2 endoplasms (D:3)
  2 giant cockroaches
  A goblin (D:2)
  6 hobgoblins
  2 quokkas (D:1)
  A frilled lizard (D:2)
  2 kobolds (D:2)
  3 rats
29 creatures vanquished.

Notes
Turn   | Place    | Note
-------+----------+-------------------------------------------
     0 | D:1      | Bruhh the Gnoll Monk began the quest for the Orb.
     0 | D:1      | Reached XP level 1. HP: 23/23 MP: 1/1
   308 | D:1      | Reached XP level 2. HP: 29/29 MP: 2/2
   830 | D:2      | Reached XP level 3. HP: 35/35 MP: 3/3
   943 | D:2      | Found a faded altar of an unknown god.
   956 | D:2      | Prayed at the altar of an unknown god.
   956 | D:2      | Became a worshipper of Lugonu the Unformed
   956 | D:2      | Reached * piety under Lugonu
   956 | D:2      | Reached ** piety under Lugonu
   956 | D:2      | Reached *** piety under Lugonu
  1101 | D:2      | Reached skill level 1 in Invocations
  1522 | D:3      | Reached skill level 1 in Short Blades
  1522 | D:3      | Reached skill level 1 in Axes
  1522 | D:3      | Reached skill level 1 in Maces & Flails
  1522 | D:3      | Reached skill level 1 in Polearms
  1522 | D:3      | Reached skill level 1 in Staves
  1522 | D:3      | Reached skill level 1 in Slings
  1522 | D:3      | Reached skill level 1 in Bows
  1522 | D:3      | Reached skill level 1 in Crossbows
  1522 | D:3      | Reached skill level 1 in Throwing
  1522 | D:3      | Reached skill level 1 in Armour
  1522 | D:3      | Reached skill level 1 in Shields
  1522 | D:3      | Reached skill level 1 in Unarmed Combat
  1522 | D:3      | Reached skill level 1 in Spellcasting
  1522 | D:3      | Reached skill level 1 in Evocations
  1548 | D:3      | Found Amicer's Weapon Emporium.
  1554 | D:3      | Slain by an orc

Illustrated notes

Levels and vault maps discovered:
D:1:      wander_arrival_lonely_grave, layout_loops_ring
D:2:      layout_basic, ebering_ecumenical_altar_webs, kennysheep_big_empty_room
D:3:      layout_basic, old_standard_altar, serial_shops,
          nicolae_shop_bloodbath_and_beyond

Skill      XL: |  1  2  3 |
---------------+----------+-----
Invocations    | 1 |  1.0
Short Blades   | 1 |  1.0
Axes           | 1 |  1.0
Maces & Flails | 1 |  1.0
Polearms       | 1 |  1.0
Staves         | 1 |  1.0
Slings         | 1 |  1.0
Bows           | 1 |  1.0
Crossbows      | 1 |  1.0
Throwing       | 1 |  1.0
Armour         | 1 |  1.0
Shields        | 1 |  1.0
Unarmed Combat | 1 |  1.0
Spellcasting   | 1 |  1.0
Evocations     | 1 |  1.0
Fighting       | |  6.5
Long Blades    | |  6.5
Dodging        | |  6.5
Stealth        | |  4.2
Conjurations   | |  0.7
Hexes          | |  0.7
Summonings     | |  0.7
Necromancy     | |  0.7
Translocations | |  0.7
Transmutations | |  0.7
Fire Magic     | |  0.7
Ice Magic      | |  0.7
Air Magic      | |  0.7
Earth Magic    | |  0.7
Poison Magic   | |  0.7

Action                   || total
-------------------------++-------
Melee: Falchion          ||    90
       Bite              ||     6
       Punch             ||     1
Invok: Bend Space        ||     1
 Stab: Sleeping          ||     7
Armor: Robe              ||     9
Dodge: Dodged            ||    72

Table legend: (Time is in decaauts)
 A = Elapsed time spent in this place.
 B = Non-inter-level travel time spent in this place.
 C = Inter-level travel time spent in this place.
 D = Time resting spent in this place.
 E = Time spent auto-exploring this place.
 F = Levels seen in this place.
 G = Mean time per level.
                   A        B        C        D        E       F      G
               +--------+--------+--------+--------+--------+-----+--------+
         Total |   1551 |   1525 |     26 |      0 |   1265 |   3 |  517.0 |
       Dungeon |   1551 |   1525 |     26 |      0 |   1265 |   3 |  517.0 |
               +--------+--------+--------+--------+--------+-----+--------+

Top non-repeatable levels by time:
     D:1: 750 daAuts
     D:2: 715 daAuts
     D:3: 84 daAuts
